Map: Blackpink LE

Players

GuMiho - Winner!

  • Race: Terran Terran
  • Spawn Location: 1:00

ShoWTimE

  • Race: Protoss Protoss
  • Spawn Location: 7:00

Event: IEM Season 12 - Katowice

VOD

Have the link to the VOD?

Description

Time

  • Played on: March 1, 2018, 10:32 a.m.
  • Length: 6:32

All games in this series

Show
View Real Time Build Order
Export as new Build Order

GuMiho Terran - Winner!

Build Orders: Cyclone Opening, Reaper Expand 

Get SALT Encoding   

  12  0:00  SCV  
  13  0:12  SCV  
  14  0:17  Supply Depot  
  14  0:24  SCV  
  15  0:39  SCV, Barracks  
  16  0:44  Refinery  
  16  0:51  SCV  
  17  1:03  SCV  
  18  1:15  SCV  
  19  1:28  Reaper, Orbital Command  
  20  1:40  Command Center  
  20  1:52  Supply Depot  
  20  1:53  SCV  
  21  2:00  Marine  
  22  2:05  SCV  
  22  2:08  Factory  
  23  2:14  Refinery  
  23  2:17  SCV  
  23  2:18  Marine  
  25  2:26  Barracks  
  25  2:29  SCV  
  26  2:36  Marine  
  27  2:42  SCV  
  28  2:51  Cyclone  
  28  2:52  Orbital Command  
  28  2:55  Barracks Reactor  
  28  2:57  SCV  
  32  3:09  SCV  
  33  3:13  Barracks Tech Lab  
  33  3:17  Engineering Bay  
  33  3:19  SCV  
  34  3:21  SCV  
  35  3:30  Supply Depot  
  35  3:31  Marine x2  
  35  3:32  Stimpack, Marine  
  38  3:34  SCV  
  38  3:36  SCV  
  40  3:43  Terran Infantry Weapons Level 1  
  40  3:49  Marine x3  
  40  3:53  SCV x2  
  45  3:58  Supply Depot  
  45  4:02  Starport  
  45  4:04  Factory Reactor  
  45  4:05  SCV x2  
  45  4:07  Refinery  
  45  4:09  Marine  
  48  4:10  Marine  
  48  4:12  Marine  
  50  4:17  SCV x2  
  50  4:21  Supply Depot  
  52  4:29  SCV x2  
  52  4:30  Marine x3  
  57  4:41  SCV x2  
  57  4:44  Supply Depot  
  57  4:45  Medivac x2  
  61  4:49  Marine x3  
  66  4:53  SCV x2  
  68  5:00  Command Center  
  68  5:01  Liberator  
  68  5:04  Liberator  
  68  5:05  SCV  
  68  5:06  SCV  
  70  5:08  Marine  
  70  5:12  Supply Depot  
  74  5:27  Factory Tech Lab, Refinery  
  77  5:30  SCV  
  77  5:33  Barracks  
  77  5:34  SCV  
  79  5:36  Supply Depot  
  79  5:39  Marauder  
  79  5:41  Marine x2  
  83  5:44  SCV  
  83  5:46  SCV  
  85  5:56  SCV  
  86  5:58  SCV  
  86  6:01  Marauder  
  86  6:02  Marine x2  
  91  6:08  Factory Reactor  
  91  6:26  Barracks  
  91  6:29  Barracks  
Show
View Real Time Build Order
Export as new Build Order

ShoWTimE Protoss 

Build Orders: 1 Gate Expand, Colossus Rush 

Get SALT Encoding   

  12  0:00  Probe  
  13  0:12  Probe  
  14  0:18  Pylon  
  14  0:24  Probe (Chrono Boost)  
  15  0:37  Probe (Chrono Boost)  
  15  0:39  Gateway  
  16  0:43  Probe (Chrono Boost)  
  16  0:45  Assimilator  
  17  0:51  Probe  
  18  1:03  Probe  
  19  1:16  Probe  
  20  1:23  Nexus  
  20  1:32  Cybernetics Core  
  20  1:35  Probe  
  21  1:40  Assimilator  
  21  1:47  Probe  
  21  1:52  Pylon  
  22  1:59  Probe  
  23  2:08  Adept (Chrono Boost)  
  23  2:10  Warp Gate  
  23  2:11  Probe  
  26  2:23  Probe  
  26  2:25  Stalker (Chrono Boost)  
  29  2:32  Robotics Facility  
  29  2:36  Probe (Chrono Boost)  
  31  2:41  Probe (Chrono Boost)  
  31  2:46  Probe (Chrono Boost)  
  31  2:48  Stalker  
  31  2:51  Probe x2 (Chrono Boost)  
  36  3:02  Probe  
  36  3:03  Probe  
  38  3:14  Probe  
  38  3:15  Probe  
  41  3:20  Observer (Chrono Boost), Gateway  
  41  3:24  Gateway  
  41  3:26  Probe  
  42  3:27  Probe  
  42  3:28  Pylon  
  43  3:37  Observer  
  43  3:38  Probe  
  43  3:39  Probe  
  46  3:45  Stalker  
  46  3:47  Pylon  
  48  3:51  Probe x2  
  50  4:01  Robotics Bay  
  48  4:03  Probe (Chrono Boost)  
  48  4:04  Assimilator  
  48  4:05  Probe (Chrono Boost)  
  48  4:06  Assimilator  
  48  4:09  Observer  
  51  4:13  Pylon  
  51  4:15  Probe (Chrono Boost)  
  53  4:20  Probe (Chrono Boost)  
  53  4:21  Probe (Chrono Boost)  
  54  4:30  Pylon  
  54  4:32  Nexus  
  54  4:38  Probe x2  
  54  4:42  Sentry  
  54  4:44  Colossus (Chrono Boost)  
  58  4:50  Probe x2  
  66  4:55  Gateway  
  66  4:56  Gateway  
  66  5:02  Probe  
  67  5:07  Gateway  
  67  5:08  Probe  
  67  5:09  Observer  
  67  5:12  Sentry  
  70  5:15  Probe  
  72  5:21  Forge  
  72  5:24  Stalker  
  73  5:40  Twilight Council  
  73  5:41  Probe x2  
  75  5:46  Pylon  
  75  5:48  Probe  
  78  5:53  Probe x2  
  78  5:55  Stalker  
  80  6:00  Probe  
  81  6:06  Stalker x2  
  81  6:08  Probe  
  83  6:13  Probe  
  80  6:20  Stalker  

Tags
 
Add a new tag
Caveats
  • Supply blocks, unpowered buildings, or Contaminate may cause inaccurate times.
  • Supply counts are checked every 10 seconds.